 Dungeon Crawl Stone Soup version 0.31-a0-876-gfe8ebadbca (webtiles) character file.

Game seed: 15965380884439911415

5740 Aneyh the Spear-Bearer (level 10, -6/63 HPs)
             Began as a Tengu Monk on Oct 14, 2023.
             Was an Elder of Hepliaklqana.
             Mangled by a nine-headed hydra (8 damage)
             ... on level 1 of the Lair of Beasts.
             The game lasted 00:12:36 (6680 turns).

Aneyh the Spear-Bearer (Tengu Monk)                 Turns: 6680, Time: 00:12:37

Health: -6/63      AC:  9    Str: 16    XL:     10   Next: 77%
Magic:  20/20      EV: 16    Int: 10    God:    Hepliaklqana [****..]
Gold:   448        SH:  0    Dex: 17    Spells: 9/9 levels left

rFire   . . .        a - +4 scythe (protect)
rCold   . . .        (shield currently unavailable)
rNeg    . . .        p - +1 ring mail
rPois   .            (helmet restricted)
rElec   .            u - +2 cloak {Stlth+}
rCorr   .            (no gloves)
SInv    .            (boots unavailable)
Will    +....        (no amulet)
Stlth   +            q - ring of magical power
HPRegen 0.30/turn    v - ring of willpower
MPRegen 0.17/turn

%: acrobat
@: confused, ambrosia-drunk, flying
A: reduced essence, beak, talons 3, evasive flight, acrobatic
a: Renounce Religion, Recall Ancestor, Ancestor Identity, Transference, Idealise


You were on level 1 of the Lair of Beasts.
You worshipped Hepliaklqana.
Hepliaklqana was greatly pleased with you.
You visited 2 branches of the dungeon, and saw 8 of its levels.

You collected 448 gold pieces.

Inventory:

Hand Weapons
 a - a +4 scythe of protection (weapon)
 g - a +0 orcbow of freezing
 s - a +0 halberd
 w - the +4 falchion "Nehen" {freeze, rF+ Int+2 Dex-2}
   (You found it on level 6 of the Dungeon)

   Int+2:     It affects your intelligence (+2).
   Dex-2:     It affects your dexterity (-2).
   rF+:       It protects you from fire.
 C - a +0 trident
 F - a +3 halberd of freezing
 G - a +3 trident
Missiles
 b - 5 javelins (quivered)
Armour
 p - a +1 ring mail (worn)
 u - a +2 cloak of stealth (worn)
Jewellery
 q - a ring of magical power (left hand)
 v - a ring of willpower (right hand)
 B - a ring of wizardry
 E - a ring of ice
Wands
 m - a wand of flame (31)
 D - a wand of roots (7)
Scrolls
 i - 3 scrolls of teleportation
 n - a scroll of noise
 y - 2 scrolls of blinking
Potions
 c - 2 potions of enlightenment {unknown}
 e - 2 potions of degeneration {unknown}
 f - 4 potions of attraction
 k - 2 potions of brilliance
 l - 3 potions of curing
 z - a potion of mutation {unknown}


   Skills:
 * Level 11.2 Fighting
 + Level 13.0 Polearms
 - Level 3.2 Dodging


You had 9 spell levels left.
You didn't know any spells.
Your spell library contained the following spells:

 Spells                   Type           Power      Damage    Failure   Level
 Kiss of Death            Conj/Necr      0%         2d5       58%         1
 Blink                    Tloc           0%         N/A       73%         2
 Confusing Touch          Hex            0%         N/A       91%         3
 Gell's Gravitas          Tloc           0%         N/A       91%         3
 Teleport Other           Tloc           0%         N/A       91%         3
 Dispel Undead            Necr           0%         3d6       100%        4
 Manifold Assault         Tloc           0%         N/A       100%        4
 Iskenderun's Battlesphe  Conj           0%         2d6       100%        5
 Bombard                  Conj/Erth      0%         9d1       100%        6
 Dispersal                Tloc           0%         N/A       100%        6
 Spellforged Servitor     Conj/Summ      0%         N/A       100%        7


Dungeon Overview and Level Annotations

Branches:
Dungeon (8/15)               Lair (1/5) D:8
 Temple: D:4-7

Altars:
Hepliaklqana
Makhleb
Okawaru
Qazlal
Wu Jian
The Shining One

Shops:
D:1 =   D:7 :

Annotations:
D:3 2 transporters


Innate Abilities, Weirdness & Mutations

Your life essence is reduced to manifest your ancestor. (-10% HP)
You have a beak for a mouth.
You have claws for feet.
Your magical flight helps you evade attacks. (EV +4)
You can magically evade attacks while moving or waiting.


Message History

The nine-headed hydra bites you. x2; The nine-headed hydra bites you!
The nine-headed hydra completely misses you.
The nine-headed hydra bites you.
The nine-headed hydra bites you but does no damage.
The nine-headed hydra misses you.
The nine-headed hydra bites you but does no damage.
The nine-headed hydra bites you!
Gladwin hits the nine-headed hydra with a +0 flail.
There is an open door here.
The nine-headed hydra attacks as it pursues you!
The nine-headed hydra bites you but does no damage.
The nine-headed hydra misses you.
The nine-headed hydra bites you but does no damage.
The nine-headed hydra completely misses you.
The nine-headed hydra barely misses you.
The nine-headed hydra completely misses you. x2
The nine-headed hydra barely misses you.
The nine-headed hydra bites you.
The nine-headed hydra completely misses you. x6
The nine-headed hydra closely misses you.
The nine-headed hydra bites you.
The nine-headed hydra completely misses you.
A bullfrog comes into view.
The nine-headed hydra barely misses you.
The nine-headed hydra bites you!
The nine-headed hydra completely misses you.
The nine-headed hydra closely misses you.
The nine-headed hydra misses you.
The nine-headed hydra barely misses you. x2
The nine-headed hydra misses you. The nine-headed hydra bites you!
* * * LOW HITPOINT WARNING * * *
You are confused.
You feel invigorated.
The nine-headed hydra bites you but does no damage.
The nine-headed hydra closely misses you.
The nine-headed hydra bites you!
* * * LOW HITPOINT WARNING * * *
The nine-headed hydra closely misses you.
The nine-headed hydra bites you!
You die...

......#..........≈~≈≈≈≈~~PP#
......#....#..##~≈≈≈≈~~....#
......#....#..~#≈≈≈≈~~..~~.#
......# .. ..~#~~~~~...####
......# + F.........~'.~#
......+ #. ~#~~~~.~~.#.~#
......# .~ #~≈≈~~#####'#
......# ...##.#≈≈~~~..~#.~#
##P.#.P .....~~@DR.~#.~~~~#
....... ....P~≈≈≈~P~#####'#
#. .....~~≈≈~..#PP~R.#
....~≈≈≈≈~..#.~..~#
....~≈≈≈≈~P.#~.P~~#
...P≈≈≈≈~####.~~P~#
....~~≈≈≈# #.~~~~#
...P≈≈≈≈≈# [...PPP#
#########


You could see the friendly Gladwin the knight and a nine-headed hydra (ally
target).

Vanquished Creatures
  A two-headed ogre (D:8)
  A black mamba (Lair:1)
  2 cane toads (Lair:1)
  A komodo dragon (Lair:1)
  Sigmund (D:2)
  An acid dragon (D:8)
  3 water moccasins (Lair:1)
  Duvessa (D:7)
  A sky beast (D:7)
  3 black bears
  An ogre (D:6)
  2 centaurs
  7 bullfrogs
  A scorpion (D:6)
  2 wights (D:7)
  Dowan (D:7)
  6 killer bees
  An electric eel (D:6)
  A howler monkey (D:8)
  A quasit (D:7)
  A hound (D:7)
  A jelly (D:6)
  Jessica (D:2)
  2 sleepcaps
  Terence (D:2)
  2 iguanas
  5 gnolls
  3 adders
  A shadow imp (D:6)
  A white imp (D:6)
  A worm (D:2)
  2 dart slugs
  3 endoplasms
  4 giant cockroaches
  7 goblins
  5 hobgoblins
  3 jackals (D:2)
  3 kobolds (D:1)
  2 quokkas
  2 ball pythons
  4 bats
  3 frilled lizards
  2 goblin skeletons (D:7)
  A goblin zombie (D:7)
  2 hobgoblin zombies (D:7)
  A kobold skeleton (D:7)
  A kobold zombie (D:7)
  3 orc skeletons (D:7)
  4 rats
  A spectral goblin (D:3)
110 creatures vanquished.

Vanquished Creatures (collateral kills)
  2 cane toads (Lair:1)
  Prince Ribbit (D:8)
  A water moccasin (Lair:1)
  A sky beast (D:8)
  A phantom (D:6)
  A bullfrog (Lair:1)
  2 wights (D:7)
  An electric eel (D:6)
  Crazy Yiuf (D:3)
  A jelly (D:6)
  A sleepcap (D:8)
  An iguana (D:6)
  A shadow imp (D:6)
  A white imp (D:7)
  An orc (D:6)
  A hobgoblin zombie (D:7)
18 creatures vanquished.

Vanquished Creatures (others)
  2 knights (D:6)
2 creatures vanquished.

Grand Total: 130 creatures vanquished

Notes
Turn   | Place    | Note
-------+----------+-------------------------------------------
     0 | D:1      | Aneyh the Tengu Monk began the quest for the Orb.
     0 | D:1      | Reached XP level 1. HP: 14/14 MP: 2/2
    34 | D:1      | Reached XP level 2. HP: 3/19 MP: 3/3
   172 | D:1      | Found Cifamis's Jewellery Emporium.
   236 | D:1      | Reached XP level 3. HP: 24/24 MP: 4/4
   481 | D:2      | Reached skill level 4 in Polearms
   549 | D:2      | Noticed Sigmund
   565 | D:2      | Killed Sigmund
   566 | D:2      | Reached skill level 5 in Fighting
   566 | D:2      | Reached skill level 5 in Polearms
   566 | D:2      | Reached XP level 4. HP: 31/31 MP: 5/5
   566 | D:2      | Reached XP level 5. HP: 35/35 MP: 6/6
   876 | D:2      | Noticed Jessica
   882 | D:2      | Killed Jessica
   883 | D:2      | Reached XP level 6. HP: 40/40 MP: 7/7
  1245 | D:2      | Noticed Terence
  1250 | D:2      | Killed Terence
  1371 | D:2      | Found a faded altar of an unknown god.
  1510 | D:3      | Found a transporter.
  1522 | D:3      | Found a transporter.
  1764 | D:3      | Found a hazy altar of Hepliaklqana.
  1776 | D:3      | Became a worshipper of Hepliaklqana the Forgotten
  1776 | D:3      | Reached * piety under Hepliaklqana
  1776 | D:3      | Reached ** piety under Hepliaklqana
  1777 | D:3      | Remembered your ancestor Gladwin as a knight
  2020 | D:3      | Found a faded altar of an unknown god.
  2020 | D:3      | Found a stormy altar of Qazlal.
  2028 | D:3      | Found an ornate altar of the Wu Jian Council.
  2030 | D:3      | Found a faded altar of an unknown god.
  2032 | D:3      | Found an iron altar of Okawaru.
  2139 | D:3      | Found a runed translucent door.
  2140 | D:3      | Noticed Crazy Yiuf
  2189 | D:3      | Killed Crazy Yiuf
  2495 | D:4      | You fall into a shaft and drop 2 floors!
  2496 | D:6      | Noticed a black bear
  2506 | D:6      | Killed a black bear
  2507 | D:6      | Reached skill level 6 in Polearms
  2507 | D:6      | Gained mutation: Your magical flight helps you evade
                  | attacks. (EV +4) [Tengu growth]
  2507 | D:6      | Reached XP level 7. HP: 39/41 MP: 8/8
  2540 | D:6      | Identified the +4 falchion "Nehen" {freeze, rF+ Int+2
                  | Dex-2}
  2860 | D:6      | Reached skill level 7 in Polearms
  2867 | D:6      | Reached XP level 8. HP: 42/47 MP: 9/9
  3515 | D:7      | Reached skill level 8 in Polearms
  3582 | D:7      | Noticed Duvessa
  3582 | D:7      | Noticed Dowan
  3583 | D:7      | Found Woricom's Self-Published Books.
  3595 | D:7      | Killed Duvessa
  3613 | D:7      | Killed Dowan
  3848 | D:6      | Reached skill level 9 in Polearms
  3889 | D:7      | Reached XP level 9. HP: 38/54 MP: 10/10
  3994 | D:7      | Reached *** piety under Hepliaklqana
  4406 | D:7      | Found a glowing golden altar of the Shining One.
  4531 | D:7      | Reached skill level 10 in Polearms
  4609 | D:8      | Found a burning altar of Makhleb.
  4669 | D:8      | Noticed Prince Ribbit
  4682 | D:8      | Killed Prince Ribbit
  5721 | D:8      | Found a staircase to the Lair.
  5775 | D:8      | Noticed a two-headed ogre
  5781 | D:8      | Killed a two-headed ogre
  5782 | D:8      | Reached skill level 10 in Fighting
  5782 | D:8      | Reached skill level 11 in Polearms
  5890 | D:8      | Reached XP level 10. HP: 61/61 MP: 11/11
  5900 | D:8      | Reached **** piety under Hepliaklqana
  6204 | Lair:1   | Entered Level 1 of the Lair of Beasts
  6209 | Lair:1   | Noticed a cane toad
  6215 | Lair:1   | Killed a cane toad
  6236 | Lair:1   | Noticed a black mamba
  6244 | Lair:1   | Killed a black mamba
  6311 | Lair:1   | Reached skill level 12 in Polearms
  6327 | Lair:1   | Noticed a cane toad
  6333 | Lair:1   | Killed a cane toad
  6415 | Lair:1   | Noticed a cane toad
  6423 | Lair:1   | Killed a cane toad
  6555 | Lair:1   | Reached ***** piety under Hepliaklqana
  6640 | Lair:1   | Noticed a cane toad
  6647 | Lair:1   | Killed a cane toad
  6648 | Lair:1   | Reached skill level 13 in Polearms
  6665 | Lair:1   | Noticed an eight-headed hydra
  6680 | Lair:1   | HP: 2/63 [nine-headed hydra (13)]
  6680 | Lair:1   | Mangled by a nine-headed hydra

Illustrated notes

Levels and vault maps discovered:
D:1:      wander_arrival_chamber, layout_rooms, serial_shops,
          nicolae_shop_trees, item_on_display_b
D:2:      layout_loops_corners, chequers_ecumenical_altar_simple_redux,
          uniq_sigmund, uniq_jessica, uniq_terence
D:3:      gammafunk_wand_slinger, layout_loops_ring,
          chequers_temple_overflow_minitemple,
          nicolae_hepliaklqana_monster_ancestors, uniq_crazy_yiuf_cottage
D:4:      layout_loops_ring, pdpol_temple_overflow_zin_treasury_gozag_greed,
          minmay_temple_entry_proselytizer, ebering_ghost_inner_flame
D:6:      layout_rooms, kennysheep_generic_room_16
D:7:      layout_rooms, nicolae_tso_besieged_by_evil, nicolae_custom_books,
          uniq_duvessa
D:8:      layout_cave_pods, mainiacjoe_overflow_surrounded_room,
          lair_entry_dummy, uniq_prince_ribbit1
Lair:1:   cheibrodos_lair_river_kwai, layout_regular_city

Skill      XL: |  1  2  3  4  5  6  7  8  9 10 |
---------------+-------------------------------+-----
Fighting       | 5 6 7 8 10 11 | 11.2
Polearms       | 5 6 7 9 11 13 | 13.0
Dodging        | |  3.2

Action                     |  1- 3 |  4- 6 |  7- 9 | 10-12 || total
---------------------------+-------+-------+-------+-------++-------
  Melee: Spear             |    84 |       |       |       ||    84
         Kick              |    19 |    10 |    25 |    16 ||    70
         Peck              |     8 |     3 |    23 |    18 ||    52
         Punch             |     1 |       |       |       ||     1
         Halberd           |       |    51 |   136 |    54 ||   241
   Fire: Shortbow          |     4 |    32 |    34 |       ||    70
 Invoke: Recall Ancestor   |       |     1 |     2 |       ||     3
         Ancestor Life: Kn |       |     1 |       |       ||     1
    Use: Potion            |     1 |       |     1 |     1 ||     3
         Scroll            |       |       |    11 |       ||    11
   Stab: Sleeping          |     2 |     1 |     2 |       ||     5
         Distracted        |       |       |     1 |     1 ||     2
 Armour: Robe              |    25 |    30 |       |       ||    55
         Ring mail         |       |     3 |    85 |    34 ||   122
  Dodge: Dodged            |    32 |    36 |   141 |    67 ||   276

Table legend: (Time is in decaauts)
 A = Elapsed time spent in this place.
 B = Non-inter-level travel time spent in this place.
 C = Inter-level travel time spent in this place.
 D = Time resting spent in this place.
 E = Time spent auto-exploring this place.
 F = Levels seen in this place.
 G = Mean time per level.
                   A        B        C        D        E       F      G
               +--------+--------+--------+--------+--------+-----+--------+
         Total |   6699 |   6543 |    156 |   2018 |   3325 |   8 |  837.4 |
       Dungeon |   6230 |   6074 |    156 |   2018 |   2967 |   7 |  890.0 |
          Lair |    469 |    469 |      0 |      0 |    358 |   1 |  469.0 |
               +--------+--------+--------+--------+--------+-----+--------+

Top non-repeatable levels by time:
     D:8: 1434 daAuts
     D:7: 1210 daAuts
     D:6: 1083 daAuts
     D:3: 1034 daAuts
     D:2: 1001 daAuts
  Lair:1: 469 daAuts
     D:1: 465 daAuts
     D:4: 0 daAuts
